Orko, chaotic female orcish Wizard ----- ......| |.---.| |...|.| --.|.---- |.|.....| |.|----.--|.| |.|...|...|.| --- |.|.|.|--.|.| .o@| |...|.|.|(..| Z|.| -.---.|.---.| |.| |..(|...|.| |.-------.--|.|.|.| t |.s.&.....| |...| --------- ---- Orko the Enchantress Experience level: 15 Strength: 18/30 Dexterity: 18 Constitution: 18 Intelligence: 16 Wisdom: 11 Charisma: 12 Health: 0(78) Energy: 125(131) Def: 16 Gold: 500 Moves: 69467 Dungeon seed: 8KjJeomU162Q_8Tt Game ID: Orko_1570334354 Your Inventory: Amulets A - the blessed Eye of the Aethiopica (being worn) Rings D - an uncursed ring of stealth named . (on left hand) F - an uncursed +1 ring of increase damage P - an uncursed ring of levitation named . Armor h - a blessed thoroughly rusty thoroughly corroded +4 orcish helm (being worn) n - an uncursed thoroughly burnt +0 cloak of displacement (being worn) r - an uncursed very burnt +0 pair of leather gloves (being worn) u - a blessed +1 silver dragon scale mail (being worn) z - a blessed +1 pair of low boots (being worn) Weapons b - a blessed rustproof +1 battle-axe named +1 (weapon in hands) Wands I - an uncursed wand of fire (0:4) J - an uncursed wand of digging named ii (0:2) K - an uncursed wand of striking named ++ (1:11) M - a cursed wand of striking named i (0:4) Q - an uncursed wand of teleportation named ii (0:0) Y - an uncursed wand of magic missile named ii (0:6) Comestibles N - 2 uncursed tripe rations U - an uncursed partly eaten lizard corpse Tools e - a cursed partly used tallow candle (0:176) i - a blessed bag of holding named Y m - an uncursed mirror o - a cursed sack named X p - an uncursed towel named . s - a blessed stethoscope v - a blessed magic whistle named b E - an uncursed expensive camera (0:56) Gems L - a blessed luckstone Coins $ - 500 gold pieces Contents of the bag of holding named Y: an uncursed statue of a wraith an uncursed amulet of life saving an uncursed amulet of life saving an uncursed amulet of reflection a cursed amulet of strangulation an uncursed amulet versus poison an uncursed ring of conflict an uncursed ring of shock resistance an uncursed ring of warning an uncursed +0 elven leather helm an uncursed +0 elven leather helm an uncursed +0 pair of elven boots an uncursed +0 set of black dragon scales an uncursed +0 set of black dragon scales an uncursed +2 athame a cursed +0 bullwhip named c 18 uncursed +0 darts a cursed +1 elven dagger 3 uncursed +0 elven daggers an uncursed rustproof +3 spetum named +3 an uncursed +0 trident an uncursed wand of digging (0:0) an uncursed wand of digging (0:0) a cursed wand of digging named c (0:0) an uncursed wand of lightning (0:8) a cursed wand of make invisible named i (0:4) an uncursed wand of probing (0:0) a blessed potion of full healing named b a cursed potion of gain level an uncursed potion of hallucination an uncursed potion of monster detection an uncursed potion of object detection 2 uncursed potions of speed an uncursed potion of water an uncursed scroll of amnesia 3 uncursed scrolls of create monster a cursed scroll of create monster an uncursed scroll of food detection an uncursed scroll of identify an uncursed scroll of stinking cloud 3 uncursed scrolls of teleportation 2 uncursed C-rations an uncursed K-ration an uncursed apple an uncursed fortune cookie 2 uncursed kelp fronds an uncursed figurine of an orc mummy a blessed leash an uncursed oil lamp (0:0) an uncursed pair of lenses named . an uncursed +0 pick-axe named . an uncursed sack named SPARE a cursed +0 unicorn horn an uncursed partly used wax candle named a (0:1) an uncursed agate stone an uncursed aquamarine stone an uncursed chrysoberyl stone an uncursed emerald an uncursed fluorite stone 2 uncursed jasper stones 3 uncursed jet stones an uncursed sapphire an uncursed turquoise stone an uncursed worthless piece of black glass an uncursed worthless piece of blue glass 4 uncursed worthless pieces of orange glass 5 uncursed worthless pieces of violet glass an uncursed worthless piece of white glass 3 uncursed worthless pieces of yellow glass an uncursed worthless piece of yellowish brown glass 11 gold pieces Contents of the sack named SPARE: 7 gold pieces Contents of the sack named X: an uncursed amulet of magical breathing named . an uncursed ring of conflict an uncursed ring of invisibility named . an uncursed ring of polymorph control named . a blessed ring of regeneration an uncursed ring of sustain ability named . an uncursed thoroughly burnt +3 cloak of magic resistance an uncursed thoroughly burnt +2 elven cloak a cursed thoroughly burnt +2 pair of leather gloves an uncursed +0 robe an uncursed +6 elven dagger named +6 . an uncursed wand of cold (0:7) an uncursed wand of death (0:6) an uncursed wand of digging (0:6) an uncursed wand of digging (0:4) an uncursed wand of digging (0:3) an uncursed wand of fire (0:5) an uncursed wand of fire named ziz (0:2) an uncursed wand of magic missile (0:7) an uncursed wand of magic missile (0:5) an uncursed wand of magic missile named ii (0:3) a cursed wand of make invisible named iv (0:1) an uncursed wand of polymorph (0:7) an uncursed wand of probing named ++ ii (1:8) an uncursed wand of sleep (0:2) an uncursed wand of striking (0:5) an uncursed wand of striking named ++ (1:13) an uncursed wand of teleportation (0:5) an uncursed potion of full healing a cursed potion of gain level an uncursed scroll of fire named #a an uncursed scroll of magic mapping an uncursed scroll of scare monster an uncursed scroll of teleportation 3 cursed scrolls of teleportation an uncursed sprig of wolfsbane an uncursed skeleton key 3 uncursed jet stones 3 uncursed worthless pieces of black glass an uncursed worthless piece of black glass named <# 7= 26 an uncursed worthless piece of black glass named <$ 18 20. an uncursed worthless piece of black glass named <( 2 4 10< 10 12 13 15 20 26 an uncursed worthless piece of black glass named <. 4> 10< 15^ 27` 28\ an uncursed worthless piece of black glass named <@ 6* an uncursed worthless piece of black glass named <^level 15 23 an uncursed worthless piece of black glass named <^magic 27 an uncursed worthless piece of black glass named <^polly 9.2 an uncursed worthless piece of black glass named <. 3 uncursed worthless pieces of red glass an uncursed worthless piece of red glass named <>@ 7* an uncursed worthless piece of red glass named <>^magic 7 3 uncursed worthless pieces of white glass an uncursed worthless piece of white glass named <^^magic 3< an uncursed worthless piece of white glass named <^^polly 2.2 an uncursed worthless piece of white glass named <^c 0.3 1 5 uncursed worthless pieces of yellowish brown glass an uncursed worthless piece of yellowish brown glass named >& 30A` 33J 34B` 40O` an uncursed worthless piece of yellowish brown glass named >( 44 46> 48 an uncursed worthless piece of yellowish brown glass named >. 29| 33~ 44^ 46^^ 48> an uncursed worthless piece of yellowish brown glass named >^ 41@<42<43, ^44 124 gold pieces Spells and supernatural/magical abilities: Name Level Category Fail Memory a - force bolt 1* attack 0% 0% c - cause fear 3 enchantment 0% 61% e - charm monster 3 enchantment 0% 33% f - fireball 4* attack 0% 0% h - healing 1* healing 0% 0% j - jumping 1* escape 0% 0% k - knock 1* matter 0% 0% m - magic missile 2 attack 0% 9% n - detect monsters 1* divination 0% 0% o - cone of cold 4* attack 0% 0% p - protection 1* clerical 0% 0% u - confuse monster 2* enchantment 0% 0% x - extra healing 3* healing 0% 0% z - sleep 1* enchantment 0% 0% A - create familiar 6* clerical 78% 0% B - cure blindness 2* healing 0% 0% C - cancellation 7 matter 100% 61% G - detect treasure 4* divination 100% 0% H - haste self 3* escape 0% 0% K - cure sickness 3* healing 0% 0% O - create monster 2 clerical 0% 33% P - polymorph 6 matter 100% 61% R - restore ability 4* healing 0% 0% T - turn undead 6* clerical 78% 0% V - teleportitis -- ability ? -- W - pray for help -- divine ? -- Your skills at the end: Fighting Skills Weapon Skills dagger [Basic] axe [Skilled] quarterstaff [Basic] polearms [Skilled] Spellcasting Skills attack spells [Skilled] healing spells [Skilled] enchantment spells [Basic] clerical spells [Skilled] escape spells [Basic] Final Attributes: You were piously aligned. You were fire resistant. You were cold resistant. You were sleep resistant. You were disintegration-resistant. You were shock resistant. You were poison resistant. You were magic-protected. You were hallucinating. You were telepathic. You were warned. You had infravision. You were displaced. You were stealthy. You could teleport. You had teleport control. You were fast. You had reflection. You were extremely lucky. You had extra luck. Good luck did not time out for you. You are dead. Vanquished creatures: Asmodeus Baalzebub Orcus Juiblex an arch-lich 2 mastodons Medusa a kraken a master lich 3 storm giants 2 glass golems 6 purple worms 8 silver dragons 2 red dragons a white dragon 7 black dragons a blue dragon 2 green dragons a yellow dragon 11 minotaurs 2 jabberwocks The Dark One 2 baluchitheria 4 demiliches 3 master mind flayers 5 Olog-hai a pit fiend 3 hell hounds 6 titanotheres 6 trappers 2 guardian nagas 2 disenchanters 14 vampire lords 2 shades a guard an aligned priest 9 captains 4 liches 2 water trolls a clay golem 9 nurses 2 lurkers above 3 Aleaxes a frost giant 3 ettins 5 golden nagas 9 black puddings 18 vampires 33 ghosts 4 lieutenants a watch captain a cavewoman 2 queen bees a winged gargoyle 2 mind flayers 5 giant mimics 7 zruties 2 fire giants 7 ogre kings an ice troll 3 rock trolls 6 umber hulks 2 flesh golems 5 Elvenkings 2 doppelgangers 4 hezrous 7 bone devils 4 large mimics 4 wumpuses 9 long worms a couatl 13 stalkers 5 air elementals 3 fire elementals 8 earth elementals 4 water elementals 4 hill giants 7 giant mummies 4 black nagas 15 xorns 11 giant zombies 6 elf-lords 9 sergeants a barbed devil 6 vrocks 10 wargs 2 winter wolves 3 hell hound pups 7 small mimics 3 glass piercers 4 warhorses 2 steam vortices 10 xans 8 ettin mummies 5 ogre lords 8 quantum mechanics 7 trolls 5 sasquatches 2 wood golems a marilith 4 sharks 8 gelatinous cubes 4 pyrolisks 3 large dogs 10 freezing spheres 5 flaming spheres 6 shocking spheres 3 large cats 7 tigers 5 gargoyles 4 dwarf kings 17 tengu 7 ochre jellies 2 leocrottas 10 energy vortices 4 mountain centaurs 4 stone giants 5 elf mummies 4 human mummies 5 red nagas 3 green slimes a pit viper 3 pythons 4 cobras 39 wraiths 5 carnivorous apes 11 ettin zombies 3 leather golems 7 Grey-elves 44 soldiers 4 watchmen 2 horned devils 6 succubi 2 incubi 7 chameleons 3 crocodiles 9 giant beetles 2 quivering blobs 10 cockatrices 25 wolves 4 winter wolf cubs 6 lynxes 6 panthers 3 gremlins 4 spotted jellies 7 leprechauns 3 orc-captains 8 iron piercers 5 mumakil 5 giant spiders 7 scorpions 7 horses 3 ice vortices 3 black lights 49 vampire bats 3 forest centaurs 4 gnome kings 2 orc mummies 6 dwarf mummies 9 ogres 5 brown puddings 10 rust monsters 16 owlbears 9 yetis 6 gold golems 4 werewolves 12 Green-elves 7 giant eels 10 lizards an apprentice 3 chickatrices a dog 2 dingos 3 housecats 8 jaguars 8 dwarf lords 6 blue jellies 2 white unicorns 3 gray unicorns 4 dust vortices 12 ravens 3 plains centaurs 4 gnome mummies 7 snakes 16 apes 14 human zombies 6 rope golems 26 Woodland-elves 13 soldier ants 5 fire ants 2 bugbears 3 imps 3 lemures 4 quasits a wood nymph 4 water nymphs 9 mountain nymphs 2 Mordor orcs 8 Uruk-hai an orc shaman 13 rock piercers 6 rock moles 3 ponies 5 fog clouds 9 yellow lights 4 shriekers 11 violet fungi 8 gnome lords 11 gnomish wizards 4 kobold mummies a black naga hatchling 3 golden naga hatchlings a guardian naga hatchling 6 gray oozes 4 barrow wights 13 elf zombies 16 ghouls 4 straw golems a paper golem 4 jellyfish 2 baby crocodiles 16 giant ants 3 little dogs 12 floating eyes 5 kittens 9 dwarves 9 homunculi 5 kobold lords 4 kobold shamans 33 hill orcs 27 rothes 3 rabid rats 3 centipedes 11 giant bats 3 monkeys 20 orc zombies 14 dwarf zombies 2 wererats 4 werejackals 16 iguanas 74 killer bees 7 acid blobs 3 coyotes 4 gas spores 5 hobbits 15 manes 3 large kobolds 4 hobgoblins 10 giant rats 13 cave spiders 4 brown molds 2 yellow molds 5 green molds a red mold 31 gnomes 17 garter snakes 14 gnome zombies 17 geckos 9 jackals 3 kobolds 6 goblins 6 sewer rats 11 grid bugs 11 bats 8 lichens 11 kobold zombies 4 newts and a partridge in a pear tree 1801 creatures vanquished. Voluntary challenges: You were an atheist. You used a wielded weapon 3292 times, starting on turn 66. You read items or engraved 428 times, starting on turn 762. You never genocided any monsters. You polymorphed 44 items, starting on turn 61651. You changed form 6 times, starting on turn 62039. You used 3 wishes, starting on turn 17093. You did not wish for any artifacts. You split 5 puddings, starting on turn 25298. You never wrote Elbereth's name. You violated your moral code, losing 845 points of alignment, starting on turn 2228. You abstained from Elbereth's help. You werepermanently hallucinating. Dungeon overview: The Dungeons of Doom: levels 1 to 28 Level 1 a long staircase Level 2 a fountain Level 3 Level 4 a fountain stairs to The Gnomish Mines Level 5 Level 6 a general store Level 7 an altar to Ptah, a sink Level 8 Level 9 many fountains Level 10 a fountain stairs to Sokoban Level 11 a fountain Level 12 some fountains Level 13 Level 14 a fountain Level 15 a fountain portal to The Quest Level 16 a fountain Level 17 Level 18 Level 19 a fountain Level 20 a throne Level 21 Level 22 a fountain Level 23 some fountains Level 24 some fountains Level 25 an altar to Ptah, a fountain Level 26 an altar to Thoth, a fountain, a sink Level 27 Level 28 a throne Gehennom: levels 29 to 48 Level 29 a temple to Moloch stairs to The Dungeons of Doom Level 30 Level 31 Level 32 Level 33 a fountain Level 34 Level 35 Level 36 Level 37 Level 38 Level 39 Level 40 a long staircase Level 41 Level 42 Level 43 Level 44 <- You were here Level 46 Level 47 Level 48 The Gnomish Mines: levels 5 to 7 Level 5 stairs to The Dungeons of Doom Level 6 Level 7 some shops, a temple to Anhur, a fountain The Quest: levels 1 to 5 Level 1 a throne portal to The Dungeons of Doom Level 2 Level 3 Level 4 Level 5 a temple to Ptah Sokoban: Level 9 stairs to The Dungeons of Doom History has recorded: On T:1 you entered the Dungeons of Doom to retrieve the Amulet of Yendor! On T:182 you reached level 2 of The Dungeons of Doom. On T:420 you reached level 3 of The Dungeons of Doom. On T:449 you reached level 4 of The Dungeons of Doom. On T:482 you reached level 1 of The Gnomish Mines. On T:496 you advanced to experience level 2. On T:926 you advanced to experience level 3. On T:1334 you advanced to experience level 4. On T:1556 you reached level 2 of The Gnomish Mines. On T:1612 you advanced to experience level 5. On T:1958 you reached level 3 of The Gnomish Mines. On T:2063 you advanced to experience level 6. On T:2682 you advanced to experience level 7. On T:4205 you advanced to experience level 8. On T:6177 you reached level 5 of The Dungeons of Doom. On T:6302 you reached level 6 of The Dungeons of Doom. On T:6706 you reached level 7 of The Dungeons of Doom. On T:7220 you reached level 8 of The Dungeons of Doom. On T:7538 you reached level 9 of The Dungeons of Doom. On T:7683 you reached level 10 of The Dungeons of Doom. On T:7747 you reached level 4 of Sokoban. On T:7853 you advanced to experience level 9. On T:8194 you reached level 11 of The Dungeons of Doom. On T:8408 you reached level 12 of The Dungeons of Doom. On T:8622 you reached level 13 of The Dungeons of Doom. On T:9336 you advanced to experience level 10. On T:10230 you reached level 14 of The Dungeons of Doom. On T:10272 you reached level 15 of The Dungeons of Doom. On T:17093 you wished for "3 cursed scrolls of genocide". On T:17266 you advanced to experience level 11. On T:24378 you reached level 16 of The Dungeons of Doom. On T:24750 you reached level 17 of The Dungeons of Doom. On T:24861 you reached level 18 of The Dungeons of Doom. On T:25748 you reached level 1 of The Quest. On T:25903 you advanced to experience level 12. On T:27268 you reached level 20 of The Dungeons of Doom. On T:27271 you reached level 19 of The Dungeons of Doom. On T:27525 you reached level 21 of The Dungeons of Doom. On T:27651 you reached level 22 of The Dungeons of Doom. On T:27680 you reached level 23 of The Dungeons of Doom. On T:27965 you reached level 24 of The Dungeons of Doom. On T:28039 you reached level 25 of The Dungeons of Doom. On T:28117 you reached level 26 of The Dungeons of Doom. On T:28332 you reached level 27 of The Dungeons of Doom. On T:40226 you advanced to experience level 13. On T:40480 you advanced to experience level 14. On T:41347 you embarked upon an epic quest. On T:41652 you reached level 2 of The Quest. On T:41823 you reached level 3 of The Quest. On T:44481 you advanced to experience level 15. On T:46345 you advanced to experience level 16. On T:46531 you reached level 4 of The Quest. On T:46894 you reached level 5 of The Quest. On T:47133 you killed Dark One on level 5 of The Quest. On T:47776 you completed the quest! On T:51008 you killed Medusa on level 27 of The Dungeons of Doom. On T:51261 you reached The Castle. On T:51501 you reached The Valley of the Dead. On T:56155 you wished for "3 cursed scrolls of genocide". On T:56790 you wished for "blessed magic whistle". On T:57914 you reached level 2 of Gehennom. On T:62708 you reached level 20 of Gehennom. On T:63233 you reached level 19 of Gehennom. On T:63803 you reached level 18 of Gehennom. On T:63955 you reached level 5 of Gehennom. On T:63963 you reached level 6 of Gehennom. On T:63979 you reached level 7 of Gehennom. On T:64005 you killed Baalzebub on level 6 of Gehennom. On T:64067 you reached level 8 of Gehennom. On T:64080 you reached level 9 of Gehennom. On T:64086 you reached level 10 of Gehennom. On T:64092 you reached level 11 of Gehennom. On T:64099 you reached level 12 of Gehennom. On T:64106 you reached level 13 of Gehennom. On T:64142 you killed Orcus on level 12 of Gehennom. On T:64169 you reached level 3 of Gehennom. On T:64177 you killed Asmodeus on level 2 of Gehennom. On T:64308 you reached level 4 of Gehennom. On T:65249 you killed Juiblex on level 5 of Gehennom. On T:68849 you reached level 15 of Gehennom. On T:69163 you reached level 14 of Gehennom. On T:69357 you reached level 16 of Gehennom. Score breakdown: Gold: 642 ( 9552 points) Experience: 15 levels (20844 points) Exploration: 48 levels ( 97.96%) (29685 points) Discoveries: 98 items ( 35.51%) (17876 points) Valuables value: (no points given unless you survive) Artifact value: 4000 (12253 points) Variety of kills: 267 monsters ( 70.08%) (25113 points) Turncount: 69467 turns (-5242 points) Survival: died (score multiplied by 80%) Total score: 88064 Latest messages: The Klingon is frightened by its reflection. The magic missile hits it. (2x) Status of the elf mummy (neutral): Level 20 HP 74(94) Def 4. The Invid ignores her reflection. The troll ignores her reflection. The rust monster hits! The air elemental hits! The lichen butts! The jaguar hits! The tribble hits! The black naga hatchling butts! (2x) You feel an absence of magical power. The grue hits! You die... The statue of a wraith is empty. The statue of a wraith is empty. Final status: Goodbye Orko the Wizard, killed by a hallucinogen-distorted minotaur... You died in Gehennom on dungeon level 44 with 88064 points, and 642 pieces of gold, after 69467 moves. You were level 15 with a maximum of 78 hit points when you died.